[Event "Titled Tuesday Blitz August 16 Early 2022"]
[White "Quirke, Jeffrey"]
[Black "Gonzalez Vega, Alejandro"]
[WhiteFideId "2013029"]
[BlackFideId "3510042"]
[WhiteElo "2048"]
[BlackElo "2092"]
[Result "1-0"]
[Round "09"]
[TimeControl "180+2"]
[Date "2022.08.18"]
[WhiteClock "0:00:00"]
[BlackClock "0:00:00"]

1. d4 d5 2. c4 e6 3. Nc3 Nf6 4. cxd5 exd5 5. Bg5 c6 6. e3 Be7 7. Bd3 O-O 8. Qc2 h6 9. Bh4 Re8 10. Nf3 Nbd7 11. O-O Nf8 12. Rab1 a5 13. Rbe1 Be6 14. Ne5 Rc8 15. f4 N6d7 16. Bxe7 Rxe7 17. Na4 Nxe5 18. fxe5 b6 19. Rc1 Re8 20. Qb3 b5 21. Nc5 a4 22. Qb4 Qg5 23. Rce1 Bh3 24. Rf2 Ne6 25. Nxe6 Rxe6 26. Kh1 Bg4 27. Qd2 Rce8 28. Ref1 Qh4 29. Rxf7 Bh5 30. R7f2 Qg5 31. Rf4 Bg6 32. Bxg6 Rxg6 33. Qf2 Kh7 34. g3 Ree6 35. Rf8 Qg4 36. Qf4 Qe2 37. Rf2 Rg5 38. Rxe2 1-0


[Site "https://www.chess.com"]

[Event "Titled Tuesday Blitz August 16 Early 2022"]
[White "Quispe Santacruz, Javier"]
[Black "Kovacevic, Radmila"]
[WhiteFideId "3800920"]
[BlackFideId "933171"]
[WhiteElo "1929"]
[BlackElo "2157"]
[Result "0-1"]
[Round "09"]
[TimeControl "180+2"]
[Date "2022.08.18"]
[WhiteClock "0:00:00"]
[BlackClock "0:00:00"]

1. d4 e5 2. e4 exd4 3. Nf3 Nc6 4. Bc4 Bc5 5. c3 dxc3 6. Bxf7+ Kxf7 7. Qd5+ Kf8 8. Qxc5+ d6 9. Qxc3 Nf6 10. Bg5 Nxe4 11. Bxd8 Nxc3 12. Bxc7 Nb5 13. Bxd6+ Nxd6 14. Nc3 Bg4 15. Nd2 Re8+ 16. Kf1 Nd4 17. Rc1 Bf5 18. f3 Kf7 19. Kf2 a6 20. h4 Bd3 21. h5 b5 22. a3 Re5 23. Rce1 Rhe8 24. Rxe5 Rxe5 25. Rh4 N4f5 26. Rf4 Ke6 27. g4 Ne7 28. Rf8 Nd5 29. Nxd5 Kxd5 30. Rg8 Re2+ 31. Kg3 Rxd2 32. Rxg7 Rxb2 33. g5 Rb3 34. g6 hxg6 35. h6 Be4 36. h7 Rxf3+ 37. Kh2 Rf5 38. Kg3 Rh5 39. Kg4 Bf5+ 0-1


[Site "https://www.chess.com"]

[Event "Titled Tuesday Blitz August 16 Early 2022"]
[White "Reprintsev, Alexander"]
[Black "Piesik, Piotr"]
[WhiteFideId "14100541"]
[BlackFideId "1136194"]
[WhiteElo "2108"]
[BlackElo "2221"]
[Result "0-1"]
[Round "09"]
[TimeControl "180+2"]
[Date "2022.08.18"]
[WhiteClock "0:00:00"]
[BlackClock "0:00:00"]

1. e4 g6 2. d4 Bg7 3. Nc3 c6 4. Be3 d5 5. Nge2 dxe4 6. Nxe4 Nf6 7. Nxf6+ Bxf6 8. Qd2 Be6 9. Nf4 Qd6 10. c4 O-O 11. Be2 Rd8 12. O-O-O Bf5 13. g4 Bc8 14. h4 e5 15. dxe5 Qxd2+ 16. Rxd2 Rxd2 17. Kxd2 Bxe5 18. Nd3 Bg7 19. h5 Nd7 20. g5 Ne5 21. Nxe5 Bxe5 22. b3 Bf5 23. Rd1 Rd8+ 24. Ke1 Bc3+ 25. Kf1 Rxd1+ 26. Bxd1 a5 27. f4 Bb1 28. a4 gxh5 29. Kf2 Kg7 30. Bb6 Kg6 31. Ke3 h4 32. Kf3 Kf5 33. Bc7 Bd2 34. Ke2 Bxf4 35. Bxa5 h3 36. Kf2 Be4 37. Bf3 Bc2 38. b4 Bxa4 39. b5 Kxg5 40. Bd8+ Kf5 41. b6 Bc2 42. Bc7 Be4 43. Bxe4+ Kxe4 44. Bd8 f5 45. c5 Be5 46. Be7 f4 47. Bf8 Bd4+ 48. Kf1 Kf3 0-1


[Site "https://www.chess.com"]

[Event "Titled Tuesday Blitz August 16 Early 2022"]
[White "Rios Escobar, Adan"]
[Black "Gubanov, Oleg"]
[WhiteFideId "3403645"]
[BlackFideId "14115115"]
[WhiteElo "2276"]
[BlackElo "2080"]
[Result "0-1"]
[Round "09"]
[TimeControl "180+2"]
[Date "2022.08.18"]
[WhiteClock "0:00:00"]
[BlackClock "0:00:00"]

1. d4 b5 2. g3 Bb7 3. Nf3 Bxf3 4. exf3 c6 5. a4 b4 6. c4 bxc3 7. Nxc3 d5 8. Bg2 e6 9. O-O g6 10. f4 Bg7 11. Re1 Ne7 12. b4 O-O 13. b5 Nf5 14. Ba3 Re8 15. Bc5 Nd7 16. Qd3 Qa5 17. Rac1 Rec8 18. g4 Nxc5 19. dxc5 Nd4 20. f5 cxb5 21. axb5 Rxc5 22. fxe6 fxe6 23. Rxe6 Rac8 24. Rc6 Nxc6 25. Bxd5+ Kh8 26. Bxc6 Rxc3 27. Rxc3 Qxc3 28. Qd7 Rf8 29. Qxa7 Bd4 30. Qe7 Rxf2 31. Bg2 Qc1+ 32. Bf1 Qxf1# 0-1


[Site "https://www.chess.com"]

[Event "Titled Tuesday Blitz August 16 Early 2022"]
[White "Roman, Rodrigo"]
[Black "Winkels, Marcel"]
[WhiteFideId "3701220"]
[BlackFideId "1003887"]
[WhiteElo "2001"]
[BlackElo "1900"]
[Result "1-0"]
[Round "09"]
[TimeControl "180+2"]
[Date "2022.08.18"]
[WhiteClock "0:00:00"]
[BlackClock "0:00:00"]

1. e4 c5 2. Nf3 d6 3. d4 cxd4 4. Nxd4 Nf6 5. Nc3 a6 6. Bg5 e6 7. f4 Be7 8. Qf3 Qc7 9. O-O-O h6 10. Bh4 Nbd7 11. Bd3 g5 12. fxg5 Ne5 13. Qe2 Nfg4 14. h3 hxg5 15. Bg3 Nf6 16. Bxe5 dxe5 17. Nf3 Nh5 18. Qd2 Bd7 19. Nxg5 Nf4 20. Nf3 O-O-O 21. Kb1 Kb8 22. g3 Nxh3 23. Bf1 Ng5 24. Rxh8 Nxf3 25. Rxd8+ Bxd8 26. Qxd7 1-0


[Site "https://www.chess.com"]

[Event "Titled Tuesday Blitz August 16 Early 2022"]
[White "Rosenberg, Evan S"]
[Black "Pourkashiyan, Atousa"]
[WhiteFideId "2019299"]
[BlackFideId "12502014"]
[WhiteElo "1999"]
[BlackElo "2247"]
[Result "1-0"]
[Round "09"]
[TimeControl "180+2"]
[Date "2022.08.18"]
[WhiteClock "0:00:00"]
[BlackClock "0:00:00"]

1. e4 c5 2. Nc3 e6 3. Nge2 a6 4. g3 b5 5. Bg2 Bb7 6. O-O Nc6 7. d3 d6 8. Re1 Nf6 9. Nf4 Be7 10. h3 O-O 11. g4 d5 12. Nh5 Nxh5 13. gxh5 dxe4 14. Nxe4 h6 15. c3 Qc7 16. Be3 c4 17. d4 Rad8 18. Qf3 Nb8 19. Bf4 Bd6 20. Bxd6 Rxd6 21. Nf6+ gxf6 22. Qxb7 Qxb7 23. Bxb7 Nd7 24. Kh2 Rb8 25. Rg1+ Kf8 26. Be4 f5 27. Bf3 Nf6 28. Rae1 b4 29. Re5 bxc3 30. bxc3 Rb2 31. Re2 Rxe2 32. Bxe2 Ne4 33. Bxc4 Nxf2 34. Rb1 Rc6 35. Rb4 Ne4 36. d5 Rd6 37. dxe6 fxe6 38. Rb8+ Ke7 39. Ra8 Rd2+ 40. Kg1 Nxc3 41. Rxa6 Rd1+ 42. Kg2 Nd5 43. Bxd5 Rxd5 44. Ra7+ Kf6 45. a4 Kg5 46. a5 e5 47. a6 Ra5 48. Rg7+ Kxh5 49. a7 e4 50. Kg3 Ra3+ 51. Kf4 Rf3+ 52. Ke5 Ra3 53. Kxf5 e3 54. Re7 e2 55. Kf4 Rxa7 56. Rxe2 Rg7 57. Re6 Rg1 58. Kf3 Rg8 59. Kf2 Rg7 60. Kf3 Rg8 61. Kf2 Rf8+ 62. Kg3 Rg8+ 63. Kh2 Rg5 64. Re4 Rf5 65. Rg4 Re5 66. Rg2 Re3 67. Rg3 Kh4 68. Rxe3 h5 69. Re4+ Kg5 70. Kg3 Kf5 71. Rh4 Kg5 72. Ra4 Kf5 73. Kh4 Kg6 74. Ra5 Kf6 75. Rxh5 1-0


[Site "https://www.chess.com"]

[Event "Titled Tuesday Blitz August 16 Early 2022"]
[White "Sailer, Mike"]
[Black "Prydun, Andriy"]
[WhiteFideId "2012901"]
[BlackFideId "14145898"]
[WhiteElo "2109"]
[BlackElo "2163"]
[Result "0-1"]
[Round "09"]
[TimeControl "180+2"]
[Date "2022.08.18"]
[WhiteClock "0:00:00"]
[BlackClock "0:00:00"]

1. d4 Nf6 2. Nc3 d6 3. Bf4 c6 4. Qd2 Nd5 5. Nxd5 cxd5 6. O-O-O Nc6 7. e3 Bf5 8. Kb1 e6 9. Bd3 Bxd3 10. Qxd3 Be7 11. Nf3 Rc8 12. a3 O-O 13. h4 Na5 14. Ng5 g6 15. Nf3 Nc4 16. h5 g5 17. Rh3 gxf4 18. exf4 f5 19. g4 fxg4 20. Rg3 Rxf4 21. Nh2 Qb6 22. b3 Nxa3+ 23. Kb2 Rxc2+ 24. Kxa3 Qa5# 0-1


[Site "https://www.chess.com"]

[Event "Titled Tuesday Blitz August 16 Early 2022"]
[White "Salem, A.R. Saleh"]
[Black "Samadov, Read"]
[WhiteFideId "9301348"]
[BlackFideId "13417444"]
[WhiteElo "2674"]
[BlackElo "2084"]
[Result "1/2-1/2"]
[Round "09"]
[TimeControl "180+1"]
[Date "2022.08.16"]
[WhiteClock "0:00:14"]
[BlackClock "0:00:09"]

1. d4 Nf6 2. c4 e6 3. Nc3 Bb4 4. a3 Bxc3+ 5. bxc3 O-O 6. f3 c5 7. e4 Nc6 8. Be3 b6 9. Bd3 Ba6 10. Nh3 Na5 11. Bg5 h6 12. Bh4 Qc7 13. e5 Nh7 14. Be7 cxd4 15. Bxf8 Qxe5+ 16. Be4 Rxf8 17. cxd4 Qc7 18. c5 bxc5 19. Rc1 c4 20. O-O Nf6 21. Nf2 d5 22. Bc2 Rb8 23. Re1 Nc6 24. Qd2 Qd6 25. Qc3 Qf4 26. Rcd1 g6 27. g3 Qd6 28. Kg2 h5 29. h4 Kg7 30. Nh3 Bc8 31. Ng5 Bd7 32. Rb1 Rxb1 33. Bxb1 Qc7 34. Bc2 Qb6 35. Rd1 a5 36. f4 Ng4 37. Nf3 Be8 38. Rb1 Qc7 39. Re1 Qb6 40. Rb1 Qa7 41. Re1 Qb6 42. Rb1 1/2-1/2


[Site "https://www.chess.com"]

[Event "Titled Tuesday Blitz August 16 Early 2022"]
[White "Samunenkov, Ihor"]
[Black "Gubajdullin, Alexei"]
[WhiteFideId "14187086"]
[BlackFideId "4141202"]
[WhiteElo "2441"]
[BlackElo "2214"]
[Result "1/2-1/2"]
[Round "09"]
[TimeControl "180+1"]
[Date "2022.08.16"]
[WhiteClock "0:00:08"]
[BlackClock "0:00:07"]

1. d4 Nf6 2. c4 g6 3. Nf3 Bg7 4. g3 O-O 5. Bg2 d6 6. O-O Nc6 7. Nc3 a6 8. b3 Rb8 9. Bb2 b5 10. cxb5 axb5 11. Rc1 b4 12. Na4 Na7 13. Nd2 Bd7 14. Nc4 Bc6 15. d5 Ba8 16. e4 Nb5 17. Qe2 c5 18. dxc6 Bxc6 19. Nxd6 Qxd6 20. e5 Nd4 21. Bxd4 Qxd4 22. exf6 Bb5 23. Qf3 Qxf6 24. Rfd1 Qxf3 25. Bxf3 Rfd8 26. Kg2 Bd4 27. Nc5 e5 28. Nb7 Rd7 29. Na5 Ra7 30. Nc6 Bxc6 31. Rxc6 Rxa2 32. Rf1 Rb6 33. Rc8+ Kg7 34. Rc7 Rf6 35. h4 Rb2 36. h5 Rxb3 37. Rb7 Rb2 38. hxg6 hxg6 39. g4 Rf4 40. Bd5 Rbxf2+ 41. Rxf2 Rxf2+ 42. Kg3 Rf4 43. Kh3 Bc3 44. Bb3 Rf3+ 45. Kg2 e4 46. Bd5 Rf4 47. Kg3 Be5 48. Rxb4 Rf3+ 49. Kg2 Rg3+ 50. Kf2 Rxg4 51. Rxe4 Rxe4 52. Bxe4 f5 53. Bd3 Kf6 54. Kf3 Kg5 55. Kg2 Kf6 56. Bc2 g5 57. Bd3 g4 58. Bc2 Kg5 59. Bd3 Bd4 60. Bc2 Kf4 61. Bd3 Kg5 62. Bc2 f4 63. Bd1 Kf5 64. Be2 Kg5 65. Bd1 Kf5 66. Be2 Kg5 67. Bd1 1/2-1/2


[Site "https://www.chess.com"]

[Event "Titled Tuesday Blitz August 16 Early 2022"]
[White "Sanchez, Robert"]
[Black "Pastar, Slaven"]
[WhiteFideId "2034360"]
[BlackFideId "14402718"]
[WhiteElo "1966"]
[BlackElo "2248"]
[Result "1/2-1/2"]
[Round "09"]
[TimeControl "180+2"]
[Date "2022.08.18"]
[WhiteClock "0:00:00"]
[BlackClock "0:00:00"]

1. e4 b6 2. Nf3 Bb7 3. Bc4 e6 4. Nc3 Bb4 5. Qe2 Ne7 6. a3 Bxc3 7. bxc3 d5 8. exd5 exd5 9. Bb5+ c6 10. Bd3 c5 11. c4 d4 12. O-O Nc6 13. Be4 Rc8 14. d3 h6 15. Ne5 O-O 16. Bxh6 gxh6 17. Qg4+ Kh8 18. Qf4 Kg7 19. Qg4+ Kh8 20. Qf4 Kg7 21. Qg4+ Kh8 1/2-1/2


[Site "https://www.chess.com"]

[Event "Titled Tuesday Blitz August 16 Early 2022"]
[White "Sarana, Alexey"]
[Black "Demidov, Mikhail"]
[WhiteFideId "24133795"]
[BlackFideId "4197143"]
[WhiteElo "2666"]
[BlackElo "2525"]
[Result "1-0"]
[Round "09"]
[TimeControl "180+1"]
[Date "2022.08.16"]
[WhiteClock "0:00:11"]
[BlackClock "0:00:10"]

1. c4 e5 2. Nc3 Bb4 3. Nd5 Be7 4. d4 d6 5. Nf3 Nd7 6. e4 Ngf6 7. Bd3 O-O 8. O-O Re8 9. Nxe7+ Qxe7 10. Re1 b6 11. b3 Nf8 12. h3 Ng6 13. Be3 h6 14. a4 Bb7 15. d5 a5 16. Nh2 Bc8 17. Qf3 Nh4 18. Qe2 Ng6 19. Kh1 Nd7 20. Qf3 Nc5 21. Bc2 Rf8 22. Qh5 Qh4 23. Qxh4 Nxh4 24. g3 Ng6 25. Kg2 f5 26. Bxc5 bxc5 27. exf5 Bxf5 28. Bxf5 Rxf5 29. Ng4 Rf7 30. Re4 Ne7 31. Ne3 Rb8 32. Rb1 Nf5 33. Nxf5 Rxf5 34. Re3 Rbf8 35. Rb2 R8f7 36. Rbe2 Rf8 37. h4 h5 38. f3 Kh7 39. Rf2 R8f7 40. Re4 g6 41. f4 Kg7 42. Rf3 Kf8 43. Kh3 Kg7 44. Kg2 Kf8 45. Kf2 Ke7 46. Ke3 Kd7 47. Rf2 Kd8 48. Kf3 Ke7 49. Kg2 Kf8 50. Rf3 Kg7 51. Kf2 Kg8 52. Ke2 Kf8 53. Kd2 Ke7 54. Rfe3 Kf6 55. fxe5+ dxe5 56. Ke2 Rf8 57. Rd3 Rd8 58. Ree3 Rd6 59. Rd1 Rd8 60. Rg1 Rd6 61. g4 Ke7 62. gxf5 gxf5 63. Rxe5+ Kf6 64. Re6+ Rxe6+ 65. dxe6 Kxe6 66. Rg5 Ke5 67. Kf3 c6 68. Rxh5 Kd4 69. Rxf5 Kc3 70. h5 Kxb3 71. h6 Kxa4 72. h7 Kb4 73. h8=Q a4 74. Rf8 a3 75. Rb8+ Kxc4 76. Qa1 a2 77. Qxa2+ Kc3 78. Rb3+ Kd4 79. Qd2+ Kc4 80. Qd3# 1-0


[Site "https://www.chess.com"]

[Event "Titled Tuesday Blitz August 16 Early 2022"]
[White "Schut, Han"]
[Black "Kiseljova, Marya"]
[WhiteFideId "1005561"]
[BlackFideId "4155009"]
[WhiteElo "2024"]
[BlackElo "1697"]
[Result "1-0"]
[Round "09"]
[TimeControl "180+2"]
[Date "2022.08.18"]
[WhiteClock "0:00:00"]
[BlackClock "0:00:00"]

1. e4 c5 2. Nf3 Nc6 3. d4 cxd4 4. Nxd4 g6 5. c4 Bg7 6. Be3 d6 7. Nc3 Nf6 8. Be2 O-O 9. Qd2 Bd7 10. f3 Nxd4 11. Bxd4 a5 12. b3 Bc6 13. Rc1 Nd7 14. Be3 Nc5 15. O-O Be5 16. Rc2 e6 17. g3 h5 18. Bd3 Qf6 19. Nb5 Bxb5 20. cxb5 Bd4 21. Kg2 Bxe3 22. Qxe3 h4 23. e5 Qh8 24. exd6 h3+ 25. Kf2 b6 26. Be4 Rad8 27. Rd1 Qe5 28. Bc6 Qf6 29. Rdd2 e5 30. Rxc5 bxc5 31. Qxc5 Kg7 32. Re2 Qxd6 33. Qxe5+ Qxe5 34. Rxe5 Rd2+ 35. Re2 Rd1 36. b6 Rh1 37. Ke3 Rc8 38. b7 Rb8 39. Kd4 Rc1 40. Kd5 Rd1+ 41. Kc5 Rc1+ 42. Kb6 Rd8 43. Kc7 Rf8 44. Re4 Rc2 45. Rc4 Rxh2 46. b8=Q Rxb8 47. Kxb8 Rxa2 48. f4 h2 49. Kb7 Rb2 50. Rc3 a4 51. Bd5 a3 52. Rc1 a2 53. Ra1 Rb1 54. Rxa2 h1=Q 55. Bxh1 Rxh1 56. Rb2 Rg1 57. Kc6 Rxg3 58. b4 Rc3+ 59. Kd5 f6 60. b5 1-0


[Site "https://www.chess.com"]

[Event "Titled Tuesday Blitz August 16 Early 2022"]
[White "Shapiro, Daniel"]
[Black "Leve, Nitai"]
[WhiteFideId "2001780"]
[BlackFideId "2006898"]
[WhiteElo "2284"]
[BlackElo "2144"]
[Result "0-1"]
[Round "09"]
[TimeControl "180+2"]
[Date "2022.08.18"]
[WhiteClock "0:00:00"]
[BlackClock "0:00:00"]

1. d4 d5 2. c4 c6 3. Nf3 Nf6 4. Qb3 dxc4 5. Qxc4 g6 6. Bg5 Bg7 7. h3 O-O 8. e3 Bf5 9. Be2 Ne4 10. Bf4 Nd7 11. O-O Nb6 12. Qb3 Nd5 13. Be5 f6 14. Bh2 Qb6 15. Nbd2 Kh8 16. Bc4 Qxb3 17. Nxb3 Nb6 18. Be2 Nd7 19. Na5 e5 20. Nxb7 Rab8 21. Na5 Rxb2 22. Bd3 c5 23. g4 Ng5 24. Bxf5 Nxf3+ 25. Kg2 Nxh2 26. Bxd7 Nxf1 27. dxc5 Nxe3+ 28. Kf3 Nc2 29. Rc1 f5 30. c6 Nd4+ 31. Kg2 fxg4 32. Bxg4 Rfxf2+ 33. Kg1 Rg2+ 34. Kh1 Rh2+ 35. Kg1 Rbg2+ 36. Kf1 Rxg4 37. c7 Rh1+ 38. Kf2 Rf4+ 39. Ke3 Rxc1 40. Nc4 Rxc4 41. Kd3 Rxc7 0-1


[Site "https://www.chess.com"]

[Event "Titled Tuesday Blitz August 16 Early 2022"]
[White "Sharapov, Evgeny"]
[Black "Weetik, Vjacheslav"]
[WhiteFideId "14103133"]
[BlackFideId "4153472"]
[WhiteElo "2367"]
[BlackElo "2469"]
[Result "0-1"]
[Round "09"]
[TimeControl "180+2"]
[Date "2022.08.18"]
[WhiteClock "0:00:00"]
[BlackClock "0:00:00"]

1. e4 c5 2. Nf3 Nc6 3. d4 cxd4 4. Nxd4 g6 5. c4 Nf6 6. Nc3 d6 7. Be2 Nxd4 8. Qxd4 Bg7 9. Be3 O-O 10. Qd2 Be6 11. O-O Qa5 12. f3 Rfc8 13. b3 a6 14. Rac1 b5 15. Nd5 Qxd2 16. Bxd2 Nxd5 17. cxd5 Bd4+ 18. Kh1 Bd7 19. Rxc8+ Rxc8 20. Rc1 Rxc1+ 21. Bxc1 e6 22. dxe6 fxe6 23. g3 Kf7 24. Kg2 Bc6 25. Bd3 Ke7 26. Bg5+ Kd7 27. Kf1 d5 28. Ke2 Bg1 29. h3 Kd6 30. exd5 Bxd5 31. Be3 Bxe3 32. Kxe3 Kc5 33. h4 Kb4 34. h5 gxh5 35. Bxh7 Ka3 36. Bg6 Kxa2 37. Bxh5 Kxb3 38. g4 a5 39. g5 e5 40. Be8 a4 41. g6 a3 42. Bf7 Bc4 43. Bxc4+ bxc4 44. g7 a2 45. g8=Q a1=Q 46. Qb8+ Kc2 47. Ke4 Qd4+ 48. Kf5 c3 49. Qa8 Kd2 50. Qa5 Ke2 51. Qa2+ Kxf3 52. Qc2 Ke3 53. Qc1+ Qd2 54. Qh1 c2 0-1


[Site "https://www.chess.com"]

[Event "Titled Tuesday Blitz August 16 Early 2022"]
[White "Shimanov, Aleksandr"]
[Black "Bharath Subramaniyam H"]
[WhiteFideId "4198603"]
[BlackFideId "46634827"]
[WhiteElo "2605"]
[BlackElo "2346"]
[Result "1-0"]
[Round "09"]
[TimeControl "180+1"]
[Date "2022.08.16"]
[WhiteClock "0:02:09"]
[BlackClock "0:00:36"]

1. e4 c5 2. Nf3 e6 3. g3 Nc6 4. Bg2 Nf6 5. d3 d6 6. O-O Be7 7. c3 O-O 8. Re1 Bd7 9. d4 cxd4 10. cxd4 d5 11. e5 Ne4 12. Nbd2 Nxd2 13. Bxd2 Rc8 14. h4 Qb6 15. Bc3 Bb4 16. h5 Bxc3 17. bxc3 Na5 18. h6 g6 19. Nh2 Rxc3 20. Ng4 Qc7 21. Qd2 Rc8 22. Nf6+ Kh8 23. Qf4 Qd8 24. Nxd7 f5 25. exf6 Qxd7 26. f7 1-0


[Site "https://www.chess.com"]

[Event "Titled Tuesday Blitz August 16 Early 2022"]
[White "Shohat, Yotam"]
[Black "Melikhov, Evgeny V."]
[WhiteFideId "2813955"]
[BlackFideId "4122046"]
[WhiteElo "2119"]
[BlackElo "1963"]
[Result "0-1"]
[Round "09"]
[TimeControl "180+2"]
[Date "2022.08.18"]
[WhiteClock "0:00:00"]
[BlackClock "0:00:00"]

1. e4 e5 2. Nf3 Nc6 3. Bb5 a6 4. Bxc6 dxc6 5. O-O f6 6. d4 exd4 7. Nxd4 c5 8. Nb3 Qxd1 9. Rxd1 Bd7 10. Bf4 O-O-O 11. Nc3 Be6 12. Rxd8+ Kxd8 13. Rd1+ Kc8 14. Nd5 Bxd5 15. Rxd5 b6 16. a4 Ne7 17. Rd1 Nc6 18. c4 g5 19. Bg3 h5 20. h3 h4 21. Bh2 Be7 22. f3 Rd8 23. Rxd8+ Bxd8 24. Kf2 Kd7 25. Ke3 Be7 26. Kd3 Bd6 27. Bg1 Be5 28. Bxc5 bxc5 29. Nxc5+ Kd6 30. Nxa6 Bxb2 31. c5+ Kd7 32. Kc4 Ne5+ 33. Kb5 Nd3 34. Nb8+ Kc8 35. Nc6 Ba3 36. Ne7+ Kd7 37. Nd5 c6+ 38. Kc4 cxd5+ 39. Kxd3 dxe4+ 40. Kxe4 Bxc5 41. Kf5 Bd4 42. f4 Be3 43. fxg5 fxg5 44. Kg4 Bf4 45. Kf5 Kc6 46. Kg4 Kb6 47. Kf3 Ka5 48. g3 Bxg3 49. Kg4 Bf4 0-1


[Site "https://www.chess.com"]

[Event "Titled Tuesday Blitz August 16 Early 2022"]
[White "Simonovic, Miroslav"]
[Black "Ciuffoletti, Paolo"]
[WhiteFideId "919152"]
[BlackFideId "807630"]
[WhiteElo "2043"]
[BlackElo "2143"]
[Result "1-0"]
[Round "09"]
[TimeControl "180+2"]
[Date "2022.08.18"]
[WhiteClock "0:00:00"]
[BlackClock "0:00:00"]

1. d4 d5 2. Bg5 Nd7 3. e3 Ngf6 4. c4 c6 5. Nc3 g6 6. cxd5 cxd5 7. Bb5 a6 8. Bxf6 exf6 9. Be2 Nb6 10. Bf3 Bb4 11. Ne2 O-O 12. O-O Be6 13. a3 Bxc3 14. Nxc3 Rc8 15. Qb3 Rc6 16. Rac1 Nc4 17. Qxb7 Rb6 18. Qa7 Rxb2 19. Rfd1 Rb3 20. Qxa6 Rxa3 21. Qc6 Ra5 22. Nxd5 Nb2 23. Nxf6+ Qxf6 24. Rd2 Nc4 25. Rxc4 Bxc4 26. Qxf6 Ra1+ 27. Rd1 Rfa8 28. d5 Rxd1+ 29. Bxd1 Ra1 30. Qxa1 1-0


[Site "https://www.chess.com"]

[Event "Titled Tuesday Blitz August 16 Early 2022"]
[White "So, Wesley"]
[Black "Timofeev, Artyom"]
[WhiteFideId "5202213"]
[BlackFideId "4140419"]
[WhiteElo "2763"]
[BlackElo "2578"]
[Result "1-0"]
[Round "09"]
[TimeControl "180+1"]
[Date "2022.08.16"]
[WhiteClock "0:00:07"]
[BlackClock "0:00:13"]

1. e4 e5 2. Nf3 Nf6 3. Nxe5 d6 4. Nf3 Nxe4 5. Bd3 Nf6 6. O-O Be7 7. Re1 O-O 8. h3 c5 9. Bf1 Nc6 10. d4 Bf5 11. c3 cxd4 12. Nxd4 Bg6 13. Be3 Nd5 14. Bc1 Bf6 15. Nf3 Nc7 16. Nbd2 d5 17. Nb3 Ne6 18. Be3 Bh5 19. g4 Bg6 20. Bg2 Be4 21. Nbd2 Bg6 22. Nb3 Be4 23. Qd2 h6 24. Rad1 Re8 25. Nfd4 Bxg2 26. Kxg2 Bxd4 27. Nxd4 Ncxd4 28. Bxd4 Qa5 29. a3 Rad8 30. f3 a6 31. Bf2 Qb5 32. Re5 Qb3 33. Rde1 Rf8 34. f4 b6 35. h4 Nc5 36. R1e2 Ne4 37. Qc2 Qxc2 38. Rxc2 b5 39. Bd4 Rfe8 40. Kf3 f6 41. Rxe8+ Rxe8 42. f5 Kf7 43. b4 Rc8 44. h5 Ke7 45. Ke3 Kd6 46. Kd3 Kc6 47. Ra2 Kb7 48. a4 bxa4 49. Rxa4 Nd6 50. Ra2 Re8 51. Bc5 Nb5 52. Re2 Rxe2 53. Kxe2 Nc7 54. Bf8 Ne8 55. Kd3 Kc6 56. Kd4 1-0


[Site "https://www.chess.com"]

[Event "Titled Tuesday Blitz August 16 Early 2022"]
[White "Suder, Jakub"]
[Black "Gomez Ledo, Roberto Carlos"]
[WhiteFideId "1195310"]
[BlackFideId "3507076"]
[WhiteElo "2095"]
[BlackElo "2379"]
[Result "1-0"]
[Round "09"]
[TimeControl "180+1"]
[Date "2022.08.16"]
[WhiteClock "0:01:43"]
[BlackClock "0:01:02"]

1. d4 Nf6 2. c4 e6 3. Nc3 Bb4 4. e3 O-O 5. Nf3 c5 6. Bd3 d5 7. cxd5 exd5 8. O-O Bxc3 9. bxc3 b6 10. Ne5 Ba6 11. Bxa6 Nxa6 12. f3 Qc7 13. Qd3 Nb8 14. Bb2 Nc6 15. Nxc6 Qxc6 16. Rfe1 Rfe8 17. a4 cxd4 18. cxd4 Rac8 19. a5 b5 20. Rac1 Qb7 21. Rxc8 Rxc8 22. e4 a6 23. e5 Ne8 24. f4 Rc4 25. f5 b4 26. f6 g6 27. e6 Nxf6 28. Qf1 Ne4 29. Rxe4 dxe4 30. Qxc4 e3 31. exf7+ Qxf7 32. Qxf7+ Kxf7 33. Kf1 Ke6 34. Ke2 Kd5 35. Kxe3 Kc4 36. Ke4 Kb3 37. d5 Kxb2 38. d6 b3 39. d7 Ka2 40. d8=Q b2 41. Qd5+ Ka1 42. Qd4 Ka2 43. Qa4+ 1-0


[Site "https://www.chess.com"]

[Event "Titled Tuesday Blitz August 16 Early 2022"]
[White "Tanenbaum, Zachary"]
[Black "Kambrath, Yannick"]
[WhiteFideId "2060850"]
[BlackFideId "20632525"]
[WhiteElo "2175"]
[BlackElo "2236"]
[Result "1-0"]
[Round "09"]
[TimeControl "180+1"]
[Date "2022.08.16"]
[WhiteClock "0:00:14"]
[BlackClock "0:00:17"]

1. e4 c5 2. Nf3 e6 3. d4 cxd4 4. Nxd4 Nf6 5. Nc3 Nc6 6. Bf4 Bb4 7. Nb5 e5 8. Bg5 O-O 9. a3 h6 10. Bh4 Bc5 11. Qd2 a6 12. Nd6 Nd4 13. Nc4 d6 14. Nd5 Nxe4 15. Bxd8 Nxd2 16. Kxd2 Rxd8 17. b4 Ba7 18. Bd3 Be6 19. Nce3 Rac8 20. Ne7+ Kf8 21. Nxc8 Rxc8 22. Rab1 g6 23. c4 f5 24. Rhc1 e4 25. Bf1 f4 26. Nd5 g5 27. Nf6 Bf5 28. Re1 d5 29. Nxd5 b5 30. Nc3 Rd8 31. Kc1 bxc4 32. Nxe4 Nb3+ 33. Kc2 Nd2 34. Rbd1 Nxe4 35. Rxd8+ Ke7 36. Rd5 Ke6 37. Ra5 Bxf2 38. Re2 Kf6 39. Rxf5+ Kxf5 40. g3 Bd4 41. g4+ Ke5 42. Bg2 f3 43. Bxf3 Kf4 44. Bxe4 Be3 45. Bd5 h5 46. Bxc4 hxg4 47. Rg2 Kf3 48. Rg3+ Kf4 49. Be2 Bf2 50. Rxg4+ Kf5 51. Rg2 Be3 52. Bd3+ Kf6 53. Bxa6 Bf4 54. Be2 Bd6 55. Bg4 Be5 56. Kd3 Bf4 57. Ke4 Bc1 58. a4 Ba3 59. b5 Bc5 60. a5 Bb4 61. a6 Bc5 62. Kd5 Be3 63. Kc6 Ke5 64. b6 Kf4 65. b7 Ba7 66. Kc7 Ke3 67. b8=Q Bxb8+ 68. Kxb8 Kf4 69. a7 Ke3 70. a8=Q 1-0


[Site "https://www.chess.com"]

[Event "Titled Tuesday Blitz August 16 Early 2022"]
[White "Tapia Ostolaza, Alexei"]
[Black "Alexikov, Alexander"]
[WhiteFideId "6600581"]
[BlackFideId "14103958"]
[WhiteElo "2104"]
[BlackElo "2253"]
[Result "0-1"]
[Round "09"]
[TimeControl "180+2"]
[Date "2022.08.18"]
[WhiteClock "0:00:00"]
[BlackClock "0:00:00"]

1. Nf3 Nf6 2. g3 g6 3. b3 Bg7 4. Bb2 d6 5. d4 O-O 6. Bg2 c6 7. O-O Bf5 8. c4 Qc8 9. Re1 Bh3 10. Nc3 Bxg2 11. Kxg2 d5 12. Rc1 Qd8 13. h4 Re8 14. e3 e6 15. Ne2 Nbd7 16. Nf4 h6 17. Rh1 Ne4 18. Nd3 Qe7 19. Rc2 Rad8 20. Qc1 f6 21. Ba3 Qf7 22. cxd5 exd5 23. Nf4 Bf8 24. Bxf8 Nxf8 25. b4 a6 26. a4 Rd6 27. Qb2 g5 28. Nd3 Ng6 29. hxg5 hxg5 30. b5 cxb5 31. axb5 a5 32. Qa2 b6 33. Rc6 Rxc6 34. bxc6 Rc8 35. Rc1 Rc7 36. Nh2 Qe6 37. Qa4 Ne7 38. Qb5 Rxc6 39. Rb1 Nc3 40. Qb3 Qe4+ 0-1


[Site "https://www.chess.com"]

[Event "Titled Tuesday Blitz August 16 Early 2022"]
[White "Terry, Renato"]
[Black "Fawzy, Adham"]
[WhiteFideId "3803457"]
[BlackFideId "10613129"]
[WhiteElo "2577"]
[BlackElo "2541"]
[Result "0-1"]
[Round "09"]
[TimeControl "180+1"]
[Date "2022.08.16"]
[WhiteClock "0:00:01"]
[BlackClock "0:00:51"]

1. d4 Nf6 2. Bg5 e6 3. e4 c5 4. e5 h6 5. Bc1 Nd5 6. c4 Nb6 7. Nf3 cxd4 8. Qxd4 Nc6 9. Qe4 d5 10. exd6 Bxd6 11. a3 Nd7 12. Qc2 O-O 13. Nc3 Nde5 14. Nxe5 Bxe5 15. Be3 Nd4 16. Qd1 b6 17. Bd3 Bb7 18. O-O Nf5 19. Bxf5 exf5 20. f4 Bxc3 21. bxc3 Qc8 22. c5 bxc5 23. Qd6 c4 24. Rad1 Re8 25. Rfe1 Re6 26. Qc5 a6 27. Bd4 Qxc5 28. Bxc5 Be4 29. a4 Rb8 30. Bb4 a5 31. Bxa5 Rb2 32. g3 Rg2+ 33. Kf1 Rxh2 34. Bb4 Rg6 35. Re3 Re6 36. Rd8+ Kh7 37. Kg1 Ra2 38. a5 h5 39. Rd4 Rg6 40. Rxc4 h4 41. Kf1 hxg3 42. Rcxe4 fxe4 0-1


[Site "https://www.chess.com"]